 Dungeon Crawl Stone Soup version 0.31-a0-986-g5e6e4ef867 (webtiles) character file.

Game seed: 11728106336405997838

2 porpoise the Vexing (level 1, 0/13 HPs)
             Began as a Demonspawn Enchanter on Nov 10, 2023.
             Slain by a kobold
             ... wielding a +0 short sword
              (3 damage)
             ... on level 1 of the Dungeon.
             The game lasted 00:00:30 (228 turns).

porpoise the Vexing (Demonspawn Enchanter)           Turns: 228, Time: 00:00:31

Health: 0/13       AC:  2    Str:  8    XL:     1   Next: 25%
Magic:  3/3        EV: 12    Int: 16    God:
Gold:   30         SH:  0    Dex: 13    Spells: 4/4 levels left

rFire   . . .        a - +1 dagger
rCold   . . .        (no shield)
rNeg    . . .        b - +0 robe
rPois   .            (no helmet)
rElec   .            (no cloak)
rCorr   .            (no gloves)
SInv    .            (no boots)
Will    .....        (no amulet)
Stlth   ++           (no ring)
HPRegen 0.22/turn    (no ring)
MPRegen 0.08/turn

%: no passive effects
@: no status effects
A: no striking features
a: no special abilities


You were on level 1 of the Dungeon.
You visited 1 branch of the dungeon, and saw 1 of its levels.

You collected 30 gold pieces.

Inventory:

Hand Weapons
 a - a +1 dagger (weapon)
Armour
 b - a +0 robe (worn)
Potions
 c - 2 potions of invisibility


   Skills:
 + Level 1.0 Short Blades
 - Level 1.7 Dodging
 - Level 2.6 Stealth
 + Level 2.0 Spellcasting
 + Level 3.0 Hexes


You had 4 spell levels left.
You didn't know any spells.
Your spell library contained the following spells:

 Spells                   Type           Power      Damage    Failure   Level
 Ensorcelled Hibernation  Hex/Ice        12%        N/A       17%         2
 Confusing Touch          Hex            11%        N/A       19%         3
 Tukima's Dance           Hex            11%        N/A       19%         3
 Dazzling Flash           Conj/Hex       12%        N/A       32%         3


Dungeon Overview and Level Annotations

Branches:
Dungeon (1/15)

Altars:


Message History

The kobold is severely wounded.
A bat comes into view.
The kobold hits you with a +0 short sword.
You closely miss the kobold.
The kobold is severely wounded.
The kobold closely misses you.
The endoplasm attacks as it pursues you!
The endoplasm misses you. The endoplasm hits you.
The endoplasm attacks as it pursues you!
The endoplasm hits you.
You hit the endoplasm.
The endoplasm is severely wounded.
The endoplasm barely misses you. The bat closely misses you.
You barely miss the endoplasm.
The endoplasm is severely wounded.
The bat hits you but does no damage. The endoplasm hits you.
You hit the endoplasm.
You kill the endoplasm!
The bat barely misses you.
Your Short Blades skill increases to level 1!
You hit the kobold but do no damage.
The kobold is severely wounded.
The bat hits you but does no damage. The kobold barely misses you.
You barely miss the kobold.
The kobold is severely wounded.
The kobold hits you with a +0 short sword.
* * * LOW HITPOINT WARNING * * *
You closely miss the kobold.
The kobold is severely wounded.
The bat hits you but does no damage. The kobold barely misses you.
You completely miss the kobold.
The kobold is severely wounded.
The bat hits you.
* * * LOW HITPOINT WARNING * * *
The bat completely misses you. The kobold hits you but does no damage.
You closely miss the kobold.
The kobold is severely wounded.
The kobold hits you with a +0 short sword.
You die...

.# #. #.###...## .#
#.##.##.)...#
#..........#
#.##.##.....##
#.##..........#
#.#####.....##.##.#
#..........###.##.#
#########..#
#b##.###.# #..#
#.@KB..$# #..#
####.###.#.# #..#
#........ ...#
#..###.## .... ...#
###.. ... ....
...##


You could see a giant cockroach, a bat and a kobold.

Vanquished Creatures
  An endoplasm (D:1)
  A rat (D:1)
2 creatures vanquished.

Notes
Turn   | Place    | Note
-------+----------+-------------------------------------------
     0 | D:1      | porpoise the Demonspawn Enchanter began the quest for the
                  | Orb.
     0 | D:1      | Reached XP level 1. HP: 13/13 MP: 3/3
   224 | D:1      | Reached skill level 1 in Short Blades
   228 | D:1      | Slain by a kobold

Illustrated notes

Levels and vault maps discovered:
D:1:      scummos_arrival_star, layout_loops_corners, nrook_campfire

Skill      XL: |  1 |
---------------+----+-----
Short Blades   | 1 |  1.0
Dodging        | |  1.7
Stealth        | |  2.6
Spellcasting   | |  2.0
Hexes          | |  3.0

Action                     || total
---------------------------++-------
  Melee: Dagger            ||    12
 Armour: Robe              ||    12
  Dodge: Dodged            ||     8

Table legend: (Time is in decaauts)
 A = Elapsed time spent in this place.
 B = Non-inter-level travel time spent in this place.
 C = Inter-level travel time spent in this place.
 D = Time resting spent in this place.
 E = Time spent auto-exploring this place.
 F = Levels seen in this place.
 G = Mean time per level.
                   A        B        C        D        E       F      G
               +--------+--------+--------+--------+--------+-----+--------+
         Total |    227 |    227 |      0 |      0 |    200 |   1 |  227.0 |
       Dungeon |    227 |    227 |      0 |      0 |    200 |   1 |  227.0 |
               +--------+--------+--------+--------+--------+-----+--------+

Top non-repeatable levels by time:
     D:1: 227 daAuts
